 Dungeon Crawl Stone Soup version 0.21-a0-72-gbbb65ab (webtiles) character file.

60 HAL9000 the Sneak (level 4, -5/23 HPs)
             Began as a Vine Stalker Assassin on June 20, 2017.
             Slain by a goblin
             ... wielding a +0 club
             ... led by Robin
              (8 damage)
             ... on level 2 of the Dungeon.
             The game lasted 00:01:58 (931 turns).

HAL9000 the Sneak (Vine Stalker Assassin)            Turns: 931, Time: 00:01:59

Health: -5/23      AC:  3    Str: 15    XL:     4   Next: 4%
Magic:  0/5        EV: 11    Int: 11    God:
Gold:   108        SH:  0    Dex: 15    Spells: 1/3 levels left

rFire    . . .     SeeInvis +   a - +2 dagger
rCold    . . .     Gourm    .   (no shield)
rNeg     + . .     Faith    .   c - +0 robe
rPois    .         Spirit   +   (no helmet)
rElec    .         Reflect  .   d - +0 cloak
rCorr    .         Harm     .   (no gloves)
MR       .....                  (no boots)
Stlth    +++.......             (no amulet)
HPRegen  0.47/turn              k - ring of see invisible
MPRegen  0.09/turn              q - ring of positive energy

@: no status effects
A: fangs 2, regeneration 1, magic shield, antimagic bite, no potion heal 3, rot
immunity
a: no special abilities


You were on level 2 of the Dungeon.
You were not hungry.

You visited 1 branch of the dungeon, and saw 2 of its levels.

You collected 108 gold pieces.

Inventory:

Hand Weapons
 a - a +2 dagger (weapon)
 b - a +0 blowgun
Missiles
 e - 8 poisoned needles
 f - 2 curare-tipped needles
Armour
 c - a +0 robe (worn)
 d - a +0 cloak (worn)
Jewellery
 k - a ring of see invisible (left hand)
 q - a ring of positive energy (right hand)
 u - a cursed -2 ring of intelligence {unknown}
Scrolls
 o - 3 scrolls of identify {unknown}
 t - a scroll of teleportation {unknown}
 v - a scroll of enchant armour {unknown}
Potions
 i - a potion of lignification {unknown}
 j - a potion of flight {unknown}
 l - a potion of might {unknown}
 n - a potion of curing {unknown}
 w - 2 potions of mutation {unknown}
Books
 r - a book of Minor Magic

   Spells                             Type                      Level
   a - Magic Dart                     Conjuration                  1
   b - Blink                          Translocation                2
   c - Call Imp                       Summoning                    2
   d - Slow                           Hexes                        2
   e - Conjure Flame                  Conjuration/Fire             3
   f - Mephitic Cloud                 Conjuration/Poison/Air       3
Comestibles
 g - 3 bread rations
 h - 6 fruits
 p - a meat ration
 s - 2 chunks of flesh


   Skills:
 - Level 1.7 Fighting
 + Level 3.8 Short Blades
 - Level 1.7 Throwing
 - Level 0.7 Dodging
 - Level 4.8 Stealth


You had one spell level left.
You knew the following spells:

 Your Spells              Type           Power        Failure   Level  Hunger
d - Blink                 Tloc           N/A          47%         2    ###....


Dungeon Overview and Level Annotations

Branches:
Dungeon (2/15)

Altars:
Xom

Annotations:
D:2 Robin


Innate Abilities, Weirdness & Mutations

You have extremely sharp teeth.
Your natural rate of healing is unusually fast.
When hurt, damage is shared between your health and your magic reserves.
Your bite disrupts and absorbs the magic of your enemies.
Potions cannot restore your health.
You are immune to rotting.


Message History

The goblin shouts!
You hit the goblin.
The goblin is severely wounded.
Unknown command.
You closely miss the goblin.
The goblin is severely wounded.
The goblin hits you with a club!
You barely miss the goblin.
The goblin is severely wounded.
The hobgoblin barely misses you. The goblin closely misses you.
You closely miss the goblin.
The goblin is severely wounded.
The goblin shouts!
The hobgoblin hits you.
* * * LOW HITPOINT WARNING * * *
Robin says, "My army is invincible!"
You completely miss the goblin.
The goblin is severely wounded.
The goblin hits you with a club!
You die...

#. #.# ... #.# #.# #.# #
##.########..
#.########.##).g@gggggg#
#.#....<...##.########g#
#..........##.#
###.#########.##
#.########.#.##
###.......:.###.######.##
........####.#..(...K....
###..##.# #..#######.##
..#..##.#####..#


You could see Robin, 2 hobgoblins and 5 goblins.

Vanquished Creatures
  Terence (D:2)
  A worm (D:1)
  A dart slug (D:1)
  A leopard gecko (D:2)
  A giant cockroach (D:1)
  7 goblins
  6 hobgoblins
  3 kobolds
  A ball python (D:1)
  A bat (D:1)
  5 rats (D:1)
28 creatures vanquished.

Notes
Turn   | Place    | Note
-------+----------+-------------------------------------------
     0 | D:1      | HAL9000 the Vine Stalker Assassin began the quest for the Orb.
     0 | D:1      | Reached XP level 1. HP: 11/11 MP: 2/2
   228 | D:1      | Reached XP level 2. HP: 15/15 MP: 3/3
   230 | D:1      | Found a shimmering altar of Xom.
   546 | D:1      | Reached XP level 3. HP: 18/18 MP: 4/4
   680 | D:2      | Learned a level 2 spell: Blink
   706 | D:2      | Noticed Terence
   721 | D:2      | Killed Terence
   920 | D:2      | Gained mutation: Your natural rate of healing is unusually fast. [Vine Stalker growth]
   920 | D:2      | Reached XP level 4. HP: 20/23 MP: 5/5
   921 | D:2      | Noticed Robin
   931 | D:2      | Slain by a goblin

Vault maps used:
D:1:      evilmike_arrival_run_for_it, minmay_misc_feat_pillars,
          glass_columns_a, kennysheep_flooded_box
D:2:      amethyst_overflow_temple_binary, uniq_robin, uniq_terence,
          uniq_crazy_yiuf_cottage

Skill      XL: |  1  2 |
---------------+-------+-----
Short Blades   | 2 3 |  3.8
Fighting       | |  1.7
Throwing       | |  1.7
Dodging        | |  0.7
Stealth        | |  4.8

Action                   |  1- 3 |  4- 6 || total
-------------------------+-------+-------++-------
Melee: Dagger            |    72 |     9 ||    81
       Bite              |    21 |     1 ||    22
 Stab: Sleeping          |     3 |       ||     3
Armor: Robe              |    12 |       ||    12
Dodge: Dodged            |    34 |     2 ||    36
